 Dungeon Crawl Stone Soup version 0.24-a0-446-g87df7205b4 (webtiles) character file.

Game seed: 9347346554955808293

11246 Elric the Thrower (level 11, 0/97 HPs)
             Began as a Minotaur Hunter on June 24, 2019.
             Was a Follower of Uskayaw.
             Slain by a meliai
             ... wielding a +0 hand axe
              (3 damage)
             ... on level 11 of the Dungeon.
             The game lasted 00:24:14 (10875 turns).

Elric the Thrower (Minotaur Hunter)                Turns: 10875, Time: 00:24:15

Health: 0/97       AC: 14    Str: 28    XL:     11   Next: 46%
Magic:  15/15      EV:  4    Int:  8    God:    Uskayaw [*.....]
Gold:   780        SH: 19    Dex: 11    Spells: 10/10 levels left

rFire    x . .     SeeInvis .   J - +4 rapier "Xiva" {pierce, rPois rF- MR+ Str+4}
rCold    + . .     Gourm    .   n - +1 large shield
rNeg     . . .     Faith    .   Q - +0 plate armour
rPois    +         Spirit   .   (helmet restricted)
rElec    .         Reflect  .   y - +0 cloak
rCorr    .         Harm     .   p - +2 pair of gloves
MR       +....                  (no boots)
Stlth    ..........             N - amulet of the acrobat
HPRegen  0.26/turn              e - ring of protection from cold
MPRegen  0.14/turn              H - +4 ring of strength

@: lethally poisoned (0 -> -12), very slightly contaminated, invisible
A: retaliatory headbutt, horns 2
a: Stomp, Renounce Religion


You were on level 11 of the Dungeon.
You worshipped Uskayaw.
Uskayaw was noncommittal.
You were hungry.

You visited 1 branch of the dungeon, and saw 11 of its levels.

You collected 780 gold pieces.

Inventory:

Hand Weapons
 J - the +4 rapier "Xiva" (weapon) {pierce, rPois rF- MR+ Str+4}
   (You took it off an orc wizard on level 5 of the Dungeon)

   It inflicts extra damage upon your enemies.
   It affects your strength (+4).
   It makes you vulnerable to fire.
   It protects you from poison.
   It affects your resistance to hostile enchantments.
 V - a +2 short sword of electrocution
Missiles
 c - 13 javelins
 d - 2 throwing nets
 o - 268 stones
 C - 13 boomerangs (quivered)
Armour
 n - a +1 large shield (worn)
 p - a +2 pair of gloves (worn)
 y - a +0 cloak (worn)
 Q - a +0 plate armour (worn)
Jewellery
 e - a ring of protection from cold (left hand)
 q - an uncursed ring of protection from cold
 u - an uncursed amulet of guardian spirit {unknown}
 H - a +4 ring of strength (right hand)
 N - an amulet of the acrobat (around neck)
Wands
 b - a wand of disintegration (11)
 x - a wand of flame (40)
 G - a wand of paralysis (8)
 K - a wand of polymorph (5)
 S - a wand of enslavement (9)
 W - a wand of iceblast (9)
Scrolls
 g - a scroll of vulnerability {unknown}
 h - a scroll of immolation
 k - 3 scrolls of teleportation {unknown}
 l - 4 scrolls of remove curse
 m - 2 scrolls of identify
 r - 2 scrolls of amnesia
 t - 2 scrolls of magic mapping
 v - 3 scrolls of noise
 I - a scroll of fog
Potions
 a - a potion of lignification {unknown}
 i - 2 potions of cancellation {unknown}
 s - 2 potions of magic {unknown}
 w - 2 potions of invisibility
 z - 2 potions of might {unknown}
 A - a potion of degeneration {unknown}
 F - 3 potions of heal wounds {unknown}
 O - a potion of haste {unknown}
 R - 2 potions of agility
 T - a potion of mutation {unknown}
 Z - 6 potions of curing {unknown}
Comestibles
 f - 16 rations


   Skills:
 + Level 9.0 Fighting
 * Level 13.7 Throwing
 - Level 0.4 Armour
 - Level 2.3 Dodging
 - Level 0.7 Stealth
 + Level 8.3 Shields
 + Level 6.7 Invocations


You had 10 spell levels left.
You didn't know any spells.
Your spell library contained the following spells:

 Spells                   Type           Power        Failure   Level  Hunger
 Shock                    Conj/Air       #...         100%        1    ##.....
 Swiftness                Chrm/Air       #.......     100%        2    ###....
 Static Discharge         Conj/Air       #.......     100%        3    ####...
 Airstrike                Air            #.........   100%        4    #####..
 Lightning Bolt           Conj/Air       #.........   100%        5    ######.


Dungeon Overview and Level Annotations

Branches:
Dungeon (11/15)            Temple (0/1) D:5            Lair (0/6) D:11
    Orc (0/2) D:9

Altars:
Ashenzari
Dithmenos
Makhleb
Qazlal
Trog
Uskayaw
Xom
Yredelemnul
Zin
The Shining One

Shops:
D:11 }

Annotations:
D:9 exclusion: oklob plant


Innate Abilities, Weirdness & Mutations

You reflexively headbutt those who attack you in melee.
You have a pair of horns on your head.


Message History

The meliai stings you but does no damage.
The meliai completely misses you. You furiously retaliate!
You headbutt the meliai.
The meliai stings you but does no damage.
The meliai calls upon its god to heal the meliai.
The meliai's wounds heal themselves!
You block the meliai's attack. The meliai barely misses you.
You block the meliai's attack. x2; The meliai barely misses you.
The meliai misses you.
There is a stone staircase leading up here.
Okay, then.
It was a potion of invisibility.
You fade into invisibility!
You feel sick.
You are no longer poisoned.
The meliai barely misses you. The meliai stings you!
* * * LOW HITPOINT WARNING * * *
You are lethally poisoned!
The meliai poisons you! You block the meliai's attack. The meliai stings you.
You die...

### ########.### ###
##.#....∩...## ##..
#............####
#...##.......[...##..###
#....................#.#
#.................##...##
#......#.........###....#
#..........@.##.##..†...#
##.........yy...^##>....#
####.............###.....#
.................#......##
..#...............#......#
#.....................##
#...............#.###.# ..
####...#.##.....#..#### ..
#...#..#........#


You could see 2 meliai.

Vanquished Creatures
  A two-headed ogre (D:9)
  3 death yaks (D:11)
  Nergalle (D:10)
  A cyclops (D:11)
  A gargoyle (D:11)
  A troll (D:10)
  A hornet (D:11)
  A shadow (D:11)
  17 yaks
  3 porcupines (D:11)
  3 ice beasts
  A sky beast (D:11)
  2 black bears
  2 orc warriors (D:10)
  6 ogres
  2 centaurs
  The ghost of syranez the Sneak, an amateur OpWz of Zin (D:3)
  A big kobold (D:11)
  6 bullfrogs
  3 scorpions
  5 killer bees (D:8)
  10 wights
  A howler monkey (D:4)
  A bullfrog zombie (D:5)
  5 crimson imps
  3 hounds
  2 orc priests
  6 jellies
  2 centaur skeletons
  Crazy Yiuf (D:2)
  Jessica (D:2)
  An iguana (D:11)
  5 orc wizards
  7 worker ants
  2 hound skeletons
  4 worker ant zombies
  Robin (D:2)
  A howler monkey skeleton (D:7)
  10 adders
  2 shadow imps
  6 oozes
  3 adder skeletons
  4 worms
  2 dart slugs
  11 leopard geckos
  26 orcs
  4 bats
  6 giant cockroaches
  18 goblins
  14 hobgoblins
  5 jackals
  3 quokkas
  8 frilled lizards
  A jackal zombie (D:7)
  17 kobolds
  A quokka skeleton (D:9)
  13 rats
269 creatures vanquished.

Notes
Turn   | Place    | Note
-------+----------+-------------------------------------------
     0 | D:1      | Elric the Minotaur Hunter began the quest for the Orb.
     0 | D:1      | Reached XP level 1. HP: 18/18 MP: 0/0
   316 | D:1      | Reached XP level 2. HP: 20/25 MP: 1/1
  1138 | D:2      | Reached XP level 3. HP: 30/30 MP: 2/2
  1282 | D:2      | Reached skill level 5 in Throwing
  1473 | D:2      | Reached XP level 4. HP: 18/37 MP: 3/3
  1824 | D:2      | Noticed Robin
  1831 | D:2      | Killed Robin
  1979 | D:2      | Noticed Jessica
  1984 | D:2      | Killed Jessica
  1984 | D:2      | Reached skill level 1 in Shields
  2127 | D:2      | Found a runed translucent door.
  2128 | D:2      | Noticed Crazy Yiuf
  2233 | D:2      | Killed Crazy Yiuf
  2233 | D:2      | Reached XP level 5. HP: 40/45 MP: 4/4
  2484 | D:3      | Reached skill level 6 in Throwing
  2511 | D:3      | Noticed a +0 hand axe
  2511 | D:3      | Noticed a +0 hand axe
  2512 | D:3      | Found a hide-covered altar of Uskayaw.
  2669 | D:3      | Became a worshipper of Uskayaw the Reveler
  2795 | D:3      | Reached * piety under Uskayaw
  2818 | D:3      | Found a glowing silver altar of Zin.
  2996 | D:3      | Found a runed translucent door.
  2997 | D:3      | Noticed syranez's ghost (amateur OpWz)
  3011 | D:3      | Killed syranez's ghost
  3011 | D:3      | Reached skill level 1 in Invocations
  3127 | D:4      | Reached XP level 6. HP: 51/52 MP: 5/5
  3129 | D:4      | Reached ** piety under Uskayaw
  3130 | D:4      | Reached *** piety under Uskayaw
  3180 | D:4      | You fall into a shaft and drop 2 floors!
  3196 | D:6      | Reached **** piety under Uskayaw
  3308 | D:5      | Entered Level 5 of the Dungeon
  3354 | D:4      | Reached XP level 7. HP: 37/60 MP: 7/7
  4374 | D:5      | Reached skill level 5 in Fighting
  4860 | D:5      | Found a staircase to the Ecumenical Temple.
  5127 | D:5      | Identified the +4 rapier "Xiva" {pierce, rPois rF- MR+
                  | Str+4}
  5449 | D:6      | Reached skill level 7 in Throwing
  5457 | D:6      | Reached XP level 8. HP: 70/70 MP: 9/9
  5457 | D:6      | Reached ***** piety under Uskayaw
  5490 | D:6      | Reached skill level 5 in Shields
  6168 | D:7      | Found a stormy altar of Qazlal.
  6168 | D:7      | Noticed an air elemental
  6471 | D:7      | Found a shattered altar of Ashenzari.
  6629 | D:7      | Found a glowing golden altar of the Shining One.
  6781 | D:7      | Found a bloodstained altar of Trog.
  7028 | D:8      | Reached skill level 8 in Throwing
  7696 | D:8      | Found a basalt altar of Yredelemnul.
  7702 | D:8      | Reached XP level 9. HP: 76/79 MP: 11/11
  7810 | D:8      | Reached skill level 5 in Invocations
  8082 | D:9      | Found a shimmering altar of Xom.
  8241 | D:9      | Reached skill level 9 in Throwing
  8264 | D:9      | Noticed a two-headed ogre
  8272 | D:9      | Killed a two-headed ogre
  8272 | D:9      | Reached skill level 10 in Throwing
  8454 | D:9      | Noticed an oklob plant
  8461 | D:9      | Reached XP level 10. HP: 78/88 MP: 13/13
  8520 | D:9      | Reached skill level 11 in Throwing
  8804 | D:9      | Found a staircase to the Orcish Mines.
  8906 | D:9      | Found a burning altar of Makhleb.
  8911 | D:9      | Noticed a cacodemon
  9020 | D:9      | Found a shadowy altar of Dithmenos.
  9084 | D:10     | Entered Level 10 of the Dungeon
  9535 | D:10     | Reached skill level 12 in Throwing
  9541 | D:10     | Reached ****** piety under Uskayaw
  9837 | D:10     | Noticed Nergalle
  9850 | D:10     | Killed Nergalle
  9944 | D:10     | Reached skill level 13 in Throwing
 10095 | D:11     | Found Luprod's Gadget Shop.
 10214 | D:11     | Reached XP level 11. HP: 91/94 MP: 14/14
 10234 | D:11     | Noticed a death yak
 10239 | D:11     | Killed a death yak
 10239 | D:11     | Noticed a death yak
 10241 | D:11     | Noticed a death yak
 10277 | D:11     | Killed a death yak
 10291 | D:11     | Killed a death yak
 10569 | D:11     | Found a staircase to the Lair.
 10836 | D:11     | Noticed a five-headed hydra
 10875 | D:11     | HP: 3/97 [meliai/+0 hand axe (8)]
 10875 | D:11     | Slain by a meliai

Levels and vault maps discovered:
D:1:      giann_bridges, layout_loops_ring, roderic_three_in_a_row,
          serial_bayou_pond_c
D:2:      layout_rooms, corexii_leaking_fountain, uniq_robin, uniq_jessica,
          uniq_crazy_yiuf_cottage
D:3:      layout_loops_ring, dancing_weapons_uskayaw, old_standard_altar,
          gammafunk_ghost_grave, lemuel_statue_altar
D:4:      layout_basic
D:5:      layout_layer_cave, minmay_temple_entry_enclosed_plants, first_ration,
          kennysheep_opposing_triangles
D:6:      layout_basic
D:7:      layout_loops_corners, nicolae_qazlal_style_of_elements, minitemple,
          kennysheep_little_box, kennysheep_generic_room_14
D:8:      layout_loops_ring, hangedman_little_slice_of_home,
          yredelemnul_altar_generic
D:9:      layout_roguey, tgw_xom, makhleb_altar_promises_db, serial_aquarium,
          aquarium_bridge_square [aquarium_subvault_balcony,
          aquarium_subvault_wall, aquarium_subvault_bridge,
          aquarium_subvault_wall], aquarium_window_1, aquarium_window_fake,
          aquarium_window_2, aquarium_view_2d, aquarium_pool_1,
          lemuel_oklob_altar
D:10:     layout_basic, kennysheep_generic_room_9, uniq_nergalle
D:11:     layout_cave_pools, dpeg_lair_monsters, serial_shops, shop

Skill      XL: |  1  2  3  4  5  6  7  8  9 10 11 |
---------------+----------------------------------+-----
Throwing       | 5 6 7 8 10 13 | 13.7
Fighting       | 3 4 5 7 8 9 |  9.0
Shields        | 1 2 3 4 6 7 8 |  8.3
Invocations    | 1 2 3 4 5 6 |  6.7
Armour         | |  0.4
Dodging        | |  2.3
Stealth        | |  0.7

Action                   |  1- 3 |  4- 6 |  7- 9 | 10-12 || total
-------------------------+-------+-------+-------+-------++-------
Melee: Short sword       |   116 |   153 |    51 |       ||   320
       Whip              |     8 |       |       |       ||     8
       Headbutt          |     3 |    15 |    55 |    17 ||    90
       Rapier            |       |       |   180 |    67 ||   247
Throw: Javelin           |     1 |    10 |       |    56 ||    67
       Boomerang         |       |       |    73 |   135 ||   208
       Stone             |       |       |       |     5 ||     5
       Throwing net      |       |       |       |     2 ||     2
Invok: Stomp             |       |     2 |     3 |     4 ||     9
  Use: Scroll            |       |     1 |     2 |    16 ||    19
       Potion            |       |     1 |       |     1 ||     2
 Stab: Sleeping          |     1 |       |       |       ||     1
       Paralysed         |       |     2 |     5 |     1 ||     8
  Eat: Chunk             |     1 |       |       |     1 ||     2
       Ration            |       |     3 |     4 |     2 ||     9
Armor: Leather armour    |    18 |       |       |       ||    18
       Scale mail        |    17 |    51 |    13 |       ||    81
       Chain mail        |       |       |    27 |       ||    27
       Plate armour      |       |       |    46 |    57 ||   103
Dodge: Dodged            |    64 |    28 |    33 |    28 ||   153
Block: Large shield      |    10 |   103 |   201 |   173 ||   487

Table legend:
 A = Non-vault XP
 B = Vault XP
 C = Vault XP percentage of total XP
 D = Non-vault monster count
 E = Vault monster count
 F = Vault count percentage of total count
                 A         B        C        D         E       F
            +---------+---------+-------+---------+---------+-------
      Total |   11782 |    4284 |  26.7 |     232 |      37 |  13.8
            +---------+---------+-------+---------+---------+-------
        D:1 |      40 |       0 |   0.0 |      26 |       0 |   0.0
        D:2 |      73 |     107 |  59.4 |      24 |      13 |  35.1
        D:3 |      53 |     101 |  65.6 |      22 |       1 |   4.3
        D:4 |     246 |       0 |   0.0 |      19 |       0 |   0.0
        D:5 |     405 |      42 |   9.4 |      11 |       1 |   8.3
        D:6 |     668 |       0 |   0.0 |      14 |       0 |   0.0
        D:7 |     535 |      43 |   7.4 |      16 |       1 |   5.9
        D:8 |     724 |     162 |  18.3 |      20 |       8 |  28.6
        D:9 |    3168 |      15 |   0.5 |      25 |       5 |  16.7
       D:10 |    2826 |     785 |  21.7 |      35 |       1 |   2.8
       D:11 |    3044 |    3029 |  49.9 |      20 |       7 |  25.9
            +---------+---------+-------+---------+---------+-------
